 Dungeon Crawl Stone Soup version bcrawl-1.40.3b (webtiles) character file.

Game seed: 13809628764243529912

8671023 Lazarus1551 the Sorcerer (level 27, -1/314 HPs)
             Began as an Oni Ice Elementalist on Nov 29, 2023.
             Was the Champion of Ashenzari.
             Slain by a flying skull (10 damage)
             ... on level 3 of the Tomb of the Ancients on Dec 12, 2023.
             The game lasted 07:31:08 (59540 turns).

Lazarus1551 the Sorcerer (Oni Ice Elementalist)    Turns: 59540, Time: 07:31:09

Health: -1/314     AC: 34    Str: 13      XL:     27
Magic:  4/53       EV: 30    Int: 24 (26) God:    Ashenzari [******]
Gold:   2017       SH: 29    Dex: 19      Spells: 11/74 levels left

rFire    + + .     GDR:     40% n - +12 demon trident "Huntirra" {elec, *Noise rPois rN+++ Int-3} (curse)
rCold    x . .     SeeInvis +   J - +8 large shield (curse)
rNeg     + + +     Gourm    .   (armour currently unavailable)
rPois    ∞         Faith    .   Z - +0 mask of the Dragon {MR+ Slay+3 SInv} (curse)
rElec    +         Spirit   .   A - scarf {clouds} (curse)
rCorr    .         Reflect  .   (gloves currently unavailable)
MR       +++++     Clarity  +   (boots currently unavailable)
Stlth    ++........             z - amulet "Haisiyck" {Acrobat rPois rC- MR+++} (curse)
HPRegen  1.62/turn              T - +8 ring of dexterity (curse)
MPRegen  0.33/turn              C - ring "Zuipp" {Wiz rF++ MR+ Int+3 Dex-3}

@: statue-form, contaminated, regenerating, slowed, glowing, studying 2 skills,
very slow
A: oni magic, claws 1, fangs 1, horns 1, berserk 2, blurry vision 1, magic
resistance 1, screaming 1
}: 3/15 runes: decaying, barnacled, silver
a: End Transformation, Curse Item, Scrying, Transfer Knowledge, Renounce
Religion, Evoke Fog


You were on level 3 of the Tomb of the Ancients.
You worshipped Ashenzari.
Ashenzari was exalted by your worship.
You were hungry.
You were a stone statue.
You visited 11 branches of the dungeon, and saw 42 of its levels.
You visited 1 bazaar.
You visited 1 ziggurat, and saw 20 of its levels.
You also visited: Gauntlet, Ice Cave, Volcano and Wizlab.

You collected 7614 gold pieces.
You spent 5597 gold pieces at shops.

Inventory:

Hand Weapons
 n - the cursed +12 demon trident "Huntirra" (weapon) {elec, *Noise rPois rN+++ Int-3}
   (You took it off a yaktaur on level 3 of the Vaults)

   Occasionally, upon striking a foe, it will discharge some electrical energy
   and cause terrible harm.
   It affects your intelligence (-3).
   It protects you from poison.
   It renders you almost immune to negative energy.
   It may make noises in combat.
   It has a curse placed upon it.
Missiles
 v - 950 poisoned tomahawks
 E - 323 steel javelins (quivered)
 L - 280 tomahawks of dispersal {=f}
Armour
 f - the +2 pair of gloves of the Farrier (melded) {rElec, pickup}
   (You found it in an ice cave)

   It insulates you from electricity.
 o - the +2 cloak of the Shore {*Slow Str+7 Dex+2}
   (You found it in a wizard's laboratory)

   It affects your strength (+7).
   It affects your dexterity (+2).
   It may slow you when you take damage.
 r - the +1 robe of the True Pharaoh {Regen+ Int+6 Dex-5}
   (You found it on level 17 of a ziggurat)

   It affects your intelligence (+6).
   It affects your dexterity (-5).
   It increases your rate of regeneration.
 s - the +3 robe of the Nexus {rF+ Dex+3 Archmagi}
   (You found it on level 18 of a ziggurat)

   It affects your dexterity (+3).
   It protects you from fire.
   It increases the power of your magical spells.
 w - the cursed +10 plate armour "Xourex" (melded) {rCorr Int+4 Dex+4}
   (You bought it in a shop in a bazaar)

   It affects your intelligence (+4).
   It affects your dexterity (+4).
   It provides partial protection from all sources of acid and corrosion.
   It has a curse placed upon it.
 A - a cursed scarf of clouds (worn)
 J - a cursed +8 large shield (worn)
 O - the cursed +1 ring mail of the Crypt {rC+++ MR- Str+5 Dex+2}
   (You found it on level 4 of the Depths)

   It affects your strength (+5).
   It affects your dexterity (+2).
   It renders you almost immune to cold.
   It affects your resistance to hostile enchantments.
   It has a curse placed upon it.
 R - the +4 acid dragon scales of Insatiable Hunger {rN+ rCorr Int+6 Stlth-}
   (You found it on level 3 of the Vaults)

   It affects your intelligence (+6).
   It protects you from negative energy.
   It provides partial protection from all sources of acid and corrosion.
   It makes you less stealthy.
 X - the cursed +1 pair of boots of the Tundras (melded) {rElec rCorr Int+3 Stlth-}
   (You bought it in a shop in the Orcish Mines)

   It affects your intelligence (+3).
   It insulates you from electricity.
   It provides partial protection from all sources of acid and corrosion.
   It makes you less stealthy.
   It has a curse placed upon it.
 Z - the cursed +0 mask of the Dragon (worn) {MR+ Slay+3 SInv}
   (You found it in a Gauntlet)

   It affects your accuracy and damage with ranged weapons and melee attacks
   (+3).
   It affects your resistance to hostile enchantments.
   It lets you see invisible.
   It has a curse placed upon it.
Jewellery
 l - the macabre finger necklace {rN+}
   (You found it on level 13 of a ziggurat)

   [amulet of nothing]

   It protects you from negative energy.
 z - the cursed amulet "Haisiyck" (around neck) {Acrobat rPois rC- MR+++}
   (You found it in a Gauntlet)

   [amulet of the acrobat]

   It helps you evade while moving and waiting.
   It makes you vulnerable to cold.
   It protects you from poison.
   It affects your resistance to hostile enchantments.
   It has a curse placed upon it.
 C - the ring "Zuipp" (right claw) {Wiz rF++ MR+ Int+3 Dex-3}
   (You found it on level 16 of a ziggurat)

   [ring of wizardry]

   It improves your spell success rate.
   It affects your intelligence (+3).
   It affects your dexterity (-3).
   It greatly protects you from fire.
   It affects your resistance to hostile enchantments.
 I - the ring "Qaruroc" {*Slow rElec rPois Str+7 Int+3}
   (You found it on level 16 of a ziggurat)

   [ring of strength]

   It affects your strength (+7).
   It affects your intelligence (+3).
   It insulates you from electricity.
   It protects you from poison.
   It may slow you when you take damage.
 P - a +5 ring of evasion
 T - a cursed +8 ring of dexterity (left claw)
 W - the ring "Reduv" {+Fly Dex+3}
   (You found it in a Gauntlet)

   [ring of flight]

   It affects your dexterity (+3).
   It lets you fly.
Wands
 b - a wand of scattershot (22)
 c - a wand of iceblast (46)
 j - a wand of disintegration (38)
 y - a wand of acid (39)
 B - a wand of paralysis (36)
 H - a wand of digging (5)
 U - a wand of flame (86)
 Y - a wand of clouds (8)
Scrolls
 h - 9 scrolls of revelation
 k - 9 scrolls of fear
 m - 26 scrolls of remove curse
 p - 28 scrolls of teleportation
 u - 11 scrolls of fog
 x - 4 scrolls of enchant armour
 D - 2 scrolls of brand weapon
 G - 12 scrolls of enchant weapon
 N - 6 scrolls of amnesia
Potions
 a - a potion of agility
 g - 5 potions of brilliance
 q - 11 potions of curing
 F - 4 potions of invisibility
 M - 15 potions of mutation
 Q - 5 potions of resistance
 S - 6 potions of flight
 V - 3 potions of haste
Miscellaneous
 t - 4 phantom mirrors
 K - a lamp of fire
Comestibles
 e - 63 rations {!d}


   Skills:
 + Level 18.8(22.4) Fighting
   Level 1.2(4.0) Short Blades
   Level 3.8(15.4) Axes
   Level 11.3(15.6) Maces & Flails
 * Level 18.3(22.1) Polearms
   Level 1.2(3.9) Bows
 + Level 14.0(18.2) Throwing
 + Level 15.5(19.6) Armour
 * Level 21.0(24.6) Dodging
 + Level 7.4(12.0) Stealth
 - Level 16.2(20.2) Shields
 + Level 24.0(27) Spellcasting
   Level 24.0(27) Conjurations
   Level 24.0(27) Hexes
   Level 24.0(27) Charms
   Level 24.0(27) Summonings
   Level 24.0(27) Necromancy
   Level 24.0(27) Translocations
   Level 24.0(27) Transmutations
   Level 24.0(27) Fire Magic
   Level 24.0(27) Ice Magic
   Level 24.0(27) Air Magic
   Level 24.0(27) Earth Magic
   Level 24.0(27) Poison Magic
 + Level 1.4(4.3) Evocations


You had 11 spell levels left.
You knew the following spells:

 Your Spells              Type           Power        Failure   Level  Hunger
a - Discord               Hex            ########..   1%          7    None
b - Ozocubu's Armour      Chrm/Ice       ########     0%          3    None
c - Tornado               Tloc/Air       ########..   1%          8    None
d - Haunt                 Necr/Summ      ########..   1%          7    None
e - Chain Lightning       Conj/Air       ########..   1%          8    None
f - Throw Icicle          Conj/Ice       ########     0%          4    None
g - Regeneration          Chrm/Necr      ########..   0%          3    None
i - Summon Lightning Spi  Summ/Air       ########     0%          5    None
j - Venom Bolt            Conj/Pois      ########..   0%          5    None
k - Statue Form           Tmut/Erth      ########.    1%          6    None
l - Controlled Blink      Tloc           ########     1%          7    None

Your spell library contained the following spells:

 Spells                   Type           Power        Failure   Level  Hunger
 Corona                   Hex            #######      0%          1    None
 Freeze                   Ice            ######       0%          1    None
 Sublimation of Blood     Necr           ########..   0%          2    None
 Throw Frost              Conj/Ice       ######       0%          2    None
 Ice Form                 Ice/Tmut       ########     0%          4    None
 Summon Ice Beast         Ice/Summ       ########     0%          4    None
 Yara's Violent Unravell  Hex/Tmut       ########..   0%          4    None
 Spellforged Servitor     Conj/Summ      ########..   1%          7    None


Dungeon Overview and Level Annotations

Branches:
Dungeon (12/12)            Temple (1/1) D:6            Lair (6/6) D:7
  Swamp (3/3) Lair:2       Shoals (3/3) Lair:4        Slime (0/5) Orc
    Orc (1/1) D:10            Elf (3/3) Lair:5       Vaults (3/3) D:12
  Crypt (2/2) Vaults:2       Tomb (3/3) Crypt:2      Depths (5/5) D:12
    Zot (0/5) Depths:5

Altars:
Ashenzari
Cheibriados
Dithmenos
Fedhas
Gozag
Hepliaklqana
Kikubaaqudgha
Lugonu
Makhleb
Nemelex Xobeh
Okawaru
Qazlal
Ru
Sif Muna
Trog
Uskayaw
Vehumet
Wu Jian
Xom
Yredelemnul
Jiyva

Shops:
D:4 (   D:5 [   D:10 *   D:12 (   Orc [}(?   Elf:1 :   Elf:3 [   Shoals:2 *[(*
Vaults:1 (   Depths:4 *   Depths:5 ?=}=

Portals:
Hell: Depths:1 Depths:2 Depths:3 Depths:4 Depths:5
Abyss: Depths:3 Depths:4
Pandemonium: Depths:3
Trove: D:12 (give +3 steam dragon scales)

Annotations:
Shoals:2 1 runed translucent door, Rhok's ghost, adept VSRg
Depths:5 5 runed doors


Innate Abilities, Weirdness & Mutations

You learn spells by gaining experience, not through books or religion.
You only train spellcasting to practice magic.
You have sharp fingernails.
You have very sharp teeth.
You have a pair of small horns on your head.
You often lose your temper in combat.
Scrolls take you a little longer to read.
You are resistant to hostile enchantments. (MR+)
You occasionally shout uncontrollably at your foes.


Message History

The ancient champion seems to speed up.
The flying skull screams at you!
You feel haunted. The flying skull closely misses you.
The greater mummy casts a spell.
The flying skull screams at you!
You feel haunted.
The death scarab bites you but does no damage.
You block the death scarab's attack. The flying skull barely misses you.
The flying skull misses you.
The greater mummy casts a spell.
The flying skull misses you.
You impale the death scarab!!
The death scarab is severely damaged.
The death scarab disappears in a puff of smoke!
You block the death scarab's attack. x2
The death scarab bites you but does no damage.
The death scarab barely misses you. The death scarab completely misses you.
The death scarab bites you but does no damage.
A death scarab comes into view.
You block the flying skull's attack. x2; The flying skull hits you!
You die...

..............###†..W#
######....2....###...#
,,{,,######.s...##††.#
{,{{,,,{,,##.M.s.#...#
,{{{{{,{,,,##zsss....#
,,{,,*,,,,,,*#sssss..#
,,,,,*,,,,,,,*#sssW..#
,,,,,*,,,{{{,*#ssss..#
,,{,,**,,,,,,*#s8zz..#
,,,,,**,,{{,{*#z.zW..#
,,,,,**,,,,,,*#MzWW..#
,,,,,***,,,,,{.....?##
,,,,** *,,,,,s......#
,,,,* **,,,....?..##
,,,,* ***......###
***** ########


You could see a greater mummy, 5 emperor scorpions, a hell beast, an ancient
champion, a mummy priest, a skeletal warrior, a phantasmal warrior, a hungry
ghost, 2 wraiths, 14 death scarabs and 4 flying skulls.

Vanquished Creatures
  2 juggernauts (Vaults:3)
  Mara (Depths:2)
  3 ancient liches
  5 pandemonium lords
  Mennas (Crypt:2)
  21 greater mummies
  Boris (Depths:5)
  5 Killer Klowns
  Bai Suzhen (Vaults:1)
  5 golden dragons
  7 caustic shrikes
  A caustic shrike (shapeshifter) (Zig:16)
  Frederick (Depths:4)
  5 rockslimes
  A profane servitor (Zig:19)
  4 bone dragons
  A Brimstone Fiend (Zig:14)
  Frances (Shoals:1)
  8 liches
  3 Shadow Fiends
  3 tentacled monstrosities
  An Ice Fiend (IceCv)
  3 wendigos
  Jorgrun (Elf:2)
  3 titans
  2 Hell Sentinels
  4 Executioners (Zig:14)
  A deep elf master archer (Elf:3)
  9 acid blobs
  A quicksilver dragon (Depths:4)
  6 deep elf blademasters
  Polyphemus (Shoals:3)
  12 sphinxes
  15 ancient champions
  2 thorn hunters
  Kirke (Lair:3)
  7 tentacled starspawn
  11 tengu reavers
  7 shadow dragons
  5 storm dragons
  8 nagarajas (Zig:15)
  9 frost giants
  9 fire giants
  7 war gargoyles
  Donald (Orc)
  A blood saint (Zig:14)
  A storm dragon (shapeshifter) (Zig:16)
  2 balrugs (Zig:14)
  A draconian monk (Depths:5)
  A daeva (Zig:18)
  A draconian knight (Depths:5)
  2 revenants
  An iron golem (Zig:5)
  2 cacodemons
  Louise (Shoals:3)
  6 azure jellies
  A spectral juggernaut (Zig:19)
  8 vault wardens
  5 deep elf sorcerers
  A corrupter (Zig:14)
  2 ghost moths
  Aizul (Shoals:1)
  An emperor scorpion (Zig:12)
  A ghost moth (shapeshifter) (Depths:4)
  5 deep elf elementalists (Elf:3)
  A warmonger (Zig:14)
  A reaper (Crypt:2)
  27 stone giants
  A spriggan defender (Depths:4)
  A draconian annihilator (Zig:10)
  A draconian stormcaller (Depths:5)
  22 very ugly things
  6 ironheart preservers
  A curse skull (Crypt:1)
  7 jiangshi (Crypt:1)
  3 black suns (Zig:19)
  An eye of devastation (Depths:4)
  7 vampire knights
  11 deep elf demonologists
  16 deep elf annihilators
  2 lorocyprocas (Zig:14)
  2 black draconians
  4 bennus
  6 green draconians
  3 purple draconians
  16 starcursed masses
  3 red draconians (Depths:5)
  5 white draconians
  3 entropy weavers
  A blizzard demon (Zig:17)
  9 yellow draconians
  5 eidola
  2 crystal guardians
  2 spark wasps
  6 merfolk javelineers
  The ghost of Queen the Grappler, a journeyman DrTm of the Shining One (Lair:4)
  8 deep elf death magi
  7 ettins
  11 fire dragons
  8 merfolk impalers (Shoals:3)
  18 mummy priests
  3 quicksilver dragon zombies
  5 deep elf high priests (Elf:3)
  2 green deaths (Zig:14)
  9 yaktaur captains
  A quicksilver dragon skeleton (Crypt:2)
  14 ice dragons
  2 vault guards
  2 hell beasts
  Erolcha (Orc)
  13 rakshasas
  A naga warrior (Zig:15)
  21 hydras
  6 shadow wraiths
  An anaconda (shapeshifter) (Depths:2)
  3 ghost crabs (Zig:11)
  Psyche (D:8)
  2 catoblepae
  A two-headed ogre (shapeshifter) (Vaults:3)
  8 great orbs of eyes
  3 shambling mangroves
  8 ogre magi
  9 two-headed ogres
  5 anacondas
  2 spriggan air magi
  11 alligators
  65 death scarabs
  2 merfolk aquamancers (Shoals:3)
  9 deep troll shamans
  2 satyrs
  2 tengu warriors (D:12)
  41 dancing weapons
  6 deep troll earth magi
  10 sea snakes
  8 vampire magi
  5 death yaks
  4 spriggan berserkers
  8 thrashing horrors
  A titan zombie (Zig:5)
  A sea snake (shapeshifter) (Depths:4)
  2 naga sharpshooters (Zig:15)
  A shock serpent (shapeshifter) (Depths:2)
  Nergalle (Orc)
  A storm dragon zombie (Crypt:2)
  13 deep trolls
  A sun demon (Zig:18)
  19 deep elf knights
  5 soul eaters
  2 titan skeletons (Crypt:2)
  A shock serpent (Zig:15)
  10 wretched stars
  63 skeletal warriors
  A fire crab (Shoals:1)
  An iron troll (Depths:2)
  15 centaur warriors
  A spectral death yak (Lair:4)
  7 hell knights
  An anaconda zombie (Tomb:3)
  A shadow demon (Zig:14)
  A spark wasp zombie (Depths:2)
  A storm dragon skeleton (Crypt:2)
  2 golden dragon zombies
  5 spriggan druids
  A gelid demonspawn (Depths:3)
  2 death drakes (Zig:11)
  6 glowing orange brains
  A torturous demonspawn (Zig:14)
  4 spatial maelstroms
  An orange crystal statue (Zig:14)
  A tengu zombie (Vaults:3)
  An unseen horror (Zig:17)
  12 phantasmal warriors
  2 flayed ghosts
  8 wizards
  4 obsidian statues
  A naga ritualist (Zig:15)
  12 deep elf archers
  2 lindwurms
  11 swamp dragons
  A golden dragon skeleton (Tomb:2)
  An anaconda skeleton (WizLab)
  4 wolf spiders
  7 harpies
  4 cyclopes
  11 ironheart convokers
  10 necromancers
  A shining eye (Depths:3)
  A glowing shapeshifter (Depths:2)
  4 orb spiders
  2 iron dragon zombies
  A mana viper (Zig:15)
  24 ugly things
  A stone giant zombie (Tomb:1)
  5 orc sorcerers
  A faun (Shoals:1)
  4 apocalypse crabs
  46 deep elf magi
  A salamander (shapeshifter) (D:11)
  A sphinx skeleton (Vaults:3)
  5 worldbinders
  12 manticores
  2 naga magi (Zig:15)
  3 moths of wrath (Zig:12)
  2 salamanders (Zig:15)
  3 merfolk sirens
  7 will-o'-wisps
  5 vault sentinels
  13 black mambas
  10 water nymphs
  A stone giant skeleton (Crypt:2)
  5 guardian serpents
  4 rust devils
  3 torpor snails
  2 molten gargoyles (Volcano)
  4 smoke demons
  An orange demon (Depths:3)
  2 frost giant skeletons (Crypt:2)
  2 elephants (Lair:5)
  An iron dragon skeleton (Crypt:2)
  An ice statue (IceCv)
  2 gargoyles
  17 cane toads
  A dire elephant skeleton (Crypt:2)
  2 shock serpent skeletons
  3 jumping spiders (Zig:12)
  6 hellions
  A komodo dragon (shapeshifter) (Vaults:3)
  34 yaktaurs
  A black draconian zombie (Crypt:2)
  3 demonic crawlers (Zig:12)
  A rime drake (shapeshifter) (Depths:3)
  2 jumping spiders (shapeshifter)
  6 anaconda simulacra (IceCv)
  45 flying skulls
  A kobold demonologist (Elf:1)
  2 rime drakes
  2 catoblepas skeletons (Crypt:2)
  An eye of draining (D:12)
  A tormentor (Zig:16)
  9 freezing wraiths
  3 efreet
  2 hellwings (Depths:2)
  A tengu conjurer (D:12)
  7 komodo dragons
  5 ice devils (IceCv)
  45 guardian mummies
  2 red devils
  A black draconian skeleton (Crypt:2)
  A spriggan skeleton (Depths:2)
  8 ancient zymes
  A golden dragon simulacrum (IceCv)
  7 trolls
  9 tyrant leeches
  11 merfolk
  9 wind drakes
  A polar bear (shapeshifter) (Elf:2)
  A wolf spider simulacrum (IceCv)
  3 hydra skeletons (Crypt:2)
  A snapping turtle (shapeshifter) (Zig:4)
  24 hornets
  4 polar bears
  A raiju (shapeshifter) (Vaults:1)
  4 harpy skeletons
  15 large abominations
  A spectral black mamba (Lair:4)
  5 bog bodies
  Prince Ribbit (D:6)
  11 blink frogs
  12 slime creatures
  A frost giant simulacrum (Zig:3)
  4 snapping turtles
  6 raiju
  12 hippogriffs
  2 meliai zombies
  6 dream sheep
  16 air elementals
  8 spriggans
  29 water elementals
  2 ice dragon skeletons (Crypt:2)
  6 wraiths
  5 tarantellas
  19 yaks
  2 ynoxinuls (Zig:18)
  2 dire elephant simulacra (IceCv)
  An ettin skeleton (Crypt:2)
  6 fire bats (Volcano)
  9 small abominations
  Eustachio (D:4)
  2 wyverns
  2 hungry ghosts
  2 fire elementals
  A wyvern (shapeshifter) (Vaults:1)
  2 golden eyes
  4 steam dragons
  A basilisk (shapeshifter) (Vaults:1)
  8 ushabtiu
  A neqoxec (Zig:18)
  5 vampire mosquitoes
  5 basilisks
  5 chaos spawn
  2 redbacks (Zig:12)
  A warg (Orc)
  2 nagas (Zig:15)
  Edmund (D:4)
  A harpy simulacrum (IceCv)
  4 iron troll simulacra (IceCv)
  A naga (shapeshifter) (Vaults:1)
  A spectral cane toad (Lair:4)
  13 swamp worms
  A hell hound (Volcano)
  14 water moccasins
  An acid dragon (shapeshifter) (Depths:1)
  A cane toad zombie (Tomb:1)
  4 spatial vortices
  7 crocodiles
  2 floating eyes
  6 porcupines
  A water moccasin (shapeshifter) (Depths:1)
  5 hydra simulacra (IceCv)
  A soldier ant (shapeshifter) (Zig:13)
  A merfolk skeleton (Crypt:1)
  An ice dragon simulacrum (Zig:3)
  3 ice beasts
  3 black bears
  8 orc warriors
  A hornet zombie (D:12)
  2 necrophages
  3 sky beasts
  18 swamp drakes
  A black bear (shapeshifter) (D:12)
  A lindwurm zombie (Crypt:1)
  6 boggarts
  An elephant zombie (Lair:3)
  8 ogres
  47 wolves
  A snapping turtle skeleton (Crypt:2)
  A manticore skeleton (Crypt:2)
  13 bullfrogs
  A wyvern zombie (Crypt:1)
  3 centaurs
  A glowing shapeshifter simulacrum (Vaults:2)
  2 earth elementals
  A wyvern skeleton (Crypt:2)
  8 scorpions
  A warg zombie (Crypt:2)
  A swamp dragon simulacrum (IceCv)
  10 killer bees
  10 wights
  A wolf zombie (Crypt:1)
  12 electric eels
  5 orc priests
  12 crimson imps
  A quasit (Depths:3)
  A basilisk zombie (Lair:3)
  5 lava snakes (Volcano)
  5 draconian simulacra (IceCv)
  3 iron imps
  A jelly (D:12)
  Crazy Yiuf (D:4)
  7 hounds
  A gnoll shaman (D:6)
  21 orc wizards
  A black bear skeleton (Crypt:2)
  2 bullfrog skeletons
  5 iguanas
  3 troll simulacra (IceCv)
  14 worker ants
  3 spriggan simulacra
  A dwarf zombie (Crypt:2)
  A naga skeleton (Crypt:2)
  2 hound skeletons
  43 mummies
  A howler monkey zombie (D:6)
  A howler monkey skeleton (D:7)
  4 worker ant zombies
  11 adders
  4 gnolls (D:6)
  An ogre simulacrum (IceCv)
  2 naga simulacra (IceCv)
  A steam dragon skeleton (Crypt:2)
  3 shadow imps
  9 white imps
  2 centaur simulacra (IceCv)
  6 ufetubi
  3 oozes
  An adder zombie (D:6)
  An adder skeleton (D:5)
  4 worms
  3 dart slugs
  2 leopard geckos
  52 orcs
  A giant cockroach (D:1)
  14 goblins
  9 hobgoblins
  3 jackals
  2 quokkas
  2 ball pythons
  2 bats (D:1)
  2 frilled lizards (D:1)
  A giant cockroach zombie (Crypt:2)
  A jackal skeleton (Crypt:1)
  16 kobolds
  A kobold zombie (Tomb:1)
  An orc skeleton (Crypt:2)
  3 rats
  A bush (Shoals:1)
  6 fire vortices (Zig:16)
  A fungus (Lair:6)
  2 plants (Lair:6)
  7 starspawn tentacles
2292 creatures vanquished.

Vanquished Creatures (collateral kills)
  2 pandemonium lords (Zig:16)
  A juggernaut (Depths:4)
  A greater mummy (Tomb:1)
  Zenata (Depths:3)
  3 tentacled monstrosities
  A lich (Vaults:3)
  A wendigo (Depths:4)
  A titan (Shoals:3)
  A sphinx (Vaults:3)
  2 tengu reavers (Vaults:3)
  A frost giant (Vaults:3)
  5 war gargoyles (Vaults:3)
  7 vault wardens
  3 fire giants (Vaults:3)
  An orc warlord (Vaults:2)
  A deep elf elementalist (Elf:3)
  A spriggan defender (Depths:2)
  8 very ugly things
  7 ironheart preservers
  4 stone giants
  A deep elf demonologist (Vaults:3)
  A yellow draconian (Depths:5)
  A minotaur (Gauntlet)
  A purple draconian (WizLab)
  2 deep elf annihilators (Elf:3)
  3 ettins
  A merfolk javelineer (Shoals:2)
  2 deep elf death magi
  A merfolk impaler (Shoals:3)
  2 deep elf high priests (Elf:3)
  4 yaktaur captains
  Urug (Lair:6)
  3 rakshasas
  17 vault guards (Vaults:3)
  An ice dragon (Shoals:1)
  A shambling mangrove (Swamp:2)
  5 hydras
  A spriggan air mage (Depths:3)
  An ogre mage (Depths:1)
  A ghost crab (Swamp:2)
  A merfolk avatar (Shoals:2)
  A great orb of eyes (Depths:2)
  3 two-headed ogres
  A death knight (Vaults:1)
  2 merfolk aquamancers (Shoals:3)
  A deep troll shaman (Depths:4)
  5 death yaks
  2 dancing weapons
  A satyr (Shoals:2)
  3 deep troll earth magi
  A thrashing horror (WizLab)
  A spriggan berserker (Depths:3)
  A wretched star (Gauntlet)
  6 deep trolls
  2 spriggans
  An iron troll (Depths:4)
  3 hell knights
  2 skeletal warriors (D:11)
  5 centaur warriors
  4 wizards
  A flayed ghost (Depths:2)
  3 swamp dragons (Swamp:3)
  2 necromancers (Depths:1)
  4 ironheart convokers
  4 deep elf archers
  3 harpies (Shoals:2)
  A cyclops (Vaults:2)
  2 orc sorcerers (Orc)
  8 fauns
  10 ugly things
  14 deep elf magi
  A manticore (Shoals:1)
  An elephant (Lair:5)
  2 black mambas
  2 merfolk sirens
  2 vault sentinels
  2 water nymphs (Shoals:2)
  A hellion (Depths:2)
  A rime drake (Lair:6)
  12 yaktaurs
  A guardian mummy (Tomb:3)
  2 freezing wraiths
  An ice devil (IceCv)
  3 red devils (Depths:2)
  3 hellwings
  3 merfolk
  A wind drake (WizLab)
  A harpy skeleton (D:11)
  2 hornets
  A polar bear (Lair:5)
  2 slime creatures
  7 blink frogs
  5 dream sheep
  A stone giant simulacrum (Depths:2)
  12 yaks
  2 water elementals (Shoals:3)
  A hog (Lair:3)
  A human simulacrum (Vaults:3)
  A basilisk (D:9)
  A spatial vortex (WizLab)
  2 hell hounds (Depths:2)
  2 orc warriors
  2 swamp drakes (Swamp:3)
  An elephant zombie (Lair:3)
  An ettin simulacrum (Vaults:3)
  A necrophage (D:5)
  8 wolves
  A black mamba simulacrum (Lair:4)
  8 boggarts
  7 ogres
  A kobold brigand (D:7)
  2 centaurs (D:11)
  A cane toad simulacrum (Lair:4)
  A scorpion (D:5)
  A dream sheep simulacrum (Lair:4)
  2 wights
  11 killer bees
  3 orc priests
  2 crimson imps
  A jelly (D:11)
  2 bullfrog skeletons
  An iguana (D:9)
  An orc wizard (D:8)
  A worker ant (D:6)
  A worker ant zombie (D:5)
  3 gnolls (D:6)
  A shadow imp (D:6)
  11 orcs
  4 kobolds (D:7)
358 creatures vanquished.

Vanquished Creatures (others)
  2 Killer Klowns (Zig:16)
  An eldritch tentacle (WizLab)
  A sphinx (Vaults:3)
  A tengu reaver (Depths:5)
  A frost giant (Depths:4)
  A fire giant (Vaults:3)
  A fire giant (shapeshifter) (Zig:16)
  An ettin (Vaults:3)
  A hydra (shapeshifter) (Zig:16)
  6 vault guards (Vaults:3)
  A merfolk aquamancer (Shoals:3)
  An alligator snapping turtle (shapeshifter) (Zig:16)
  23 death scarabs (Tomb:2)
  2 deep troll shamans
  A titan skeleton (Tomb:2)
  2 deep elf knights
  A centaur warrior (Vaults:1)
  2 deep trolls (Vaults:2)
  A hell knight (Depths:1)
  A swamp dragon (Swamp:3)
  A necromancer (Depths:3)
  An ironheart convoker (Vaults:3)
  3 ugly things
  2 fauns
  4 deep elf magi
  An apocalypse crab (Zig:16)
  A water nymph (Shoals:3)
  A vault sentinel (Vaults:2)
  2 yaktaurs
  A guardian mummy (Tomb:2)
  2 hellwings (Depths:2)
  A merfolk (Shoals:2)
  A stone giant simulacrum (Depths:2)
  A snapping turtle (Shoals:3)
  A human (Lair:3)
  An ice dragon skeleton (Tomb:2)
  An ettin skeleton (Tomb:2)
  A neqoxec (Zig:18)
  A chaos spawn (Zig:16)
  A hell hound (Depths:2)
  A swamp drake (Swamp:3)
  A boggart (Depths:2)
  A komodo dragon zombie (Lair:3)
  A lightning spire (Zig:20)
  A mummy (Tomb:2)
  A bush (Shoals:1)
  A fire vortex (Zig:16)
  10 fungi
  41 plants
  10 starspawn tentacles
147 creatures vanquished.

Grand Total: 2797 creatures vanquished

Notes
Turn   | Place    | Note
-------+----------+-------------------------------------------
     0 | D:1      | Lazarus1551 the Oni Ice Elementalist began the quest for
                  | the Orb.
     0 | D:1      | Reached XP level 1. HP: 14/14 MP: 6/6
   139 | D:1      | Reached skill level 3 in Spellcasting
   139 | D:1      | Reached XP level 2. HP: 19/20 MP: 1/8
   417 | D:1      | Reached XP level 3. HP: 26/26 MP: 6/9
   890 | D:2      | Learned a level 3 spell: Ozocubu's Armour
   998 | D:2      | Reached XP level 4. HP: 32/33 MP: 7/11
  1510 | D:3      | Reached skill level 4 in Spellcasting
  1510 | D:3      | Reached XP level 5. HP: 33/39 MP: 6/13
  1789 | D:3      | Reached skill level 1 in Throwing
  1849 | D:3      | Reached XP level 6. HP: 44/46 MP: 14/14
  2093 | D:4      | Noticed Eustachio
  2114 | D:4      | Killed Eustachio
  2115 | D:4      | Reached skill level 1 in Fighting
  2115 | D:4      | Reached skill level 1 in Armour
  2115 | D:4      | Reached XP level 7. HP: 33/52 MP: 8/16
  2152 | D:4      | Reached skill level 5 in Spellcasting
  2159 | D:4      | Found Maakuc's Antique Weapon Shoppe.
  2316 | D:4      | Found a runed door.
  2320 | D:4      | Noticed Crazy Yiuf
  2327 | D:4      | Killed Crazy Yiuf
  2414 | D:4      | Found a white marble altar of Elyvilon.
  2414 | D:4      | Found a sparkling altar of Nemelex Xobeh.
  2490 | D:4      | Found a stormy altar of Qazlal.
  2597 | D:4      | Noticed Edmund
  2601 | D:4      | Learned a level 1 spell: Corona
  2604 | D:4      | Learned a level 2 spell: Throw Frost
  2609 | D:4      | Learned a level 4 spell: Summon Ice Beast
  2620 | D:4      | Killed Edmund
  2832 | D:5      | Entered Level 5 of the Dungeon
  2847 | D:5      | Reached skill level 1 in Short Blades
  2847 | D:5      | Reached XP level 8. HP: 52/59 MP: 18/18
  2891 | D:5      | Noticed a hippogriff
  2904 | D:5      | Killed a hippogriff
  2926 | D:5      | Reached skill level 1 in Maces & Flails
  2970 | D:5      | Found Ozipoehag's Antique Armour Shop.
  3072 | D:5      | Reached skill level 6 in Spellcasting
  3565 | D:6      | HP: 2/62 [gnoll/+0 spear (5)]
  3735 | D:6      | Reached XP level 9. HP: 54/68 MP: 20/20
  3889 | D:6      | Found a bloodstained altar of Trog.
  4048 | D:5      | Bought a shimmering ring mail for 189 gold pieces
  4059 | D:5      | Identified the cursed +1 ring mail of the Saviour {Regen+
                  | MP+9} (You bought it in a shop on level 5 of the Dungeon)
  4138 | D:6      | Noticed Prince Ribbit
  4147 | D:6      | Killed Prince Ribbit
  4245 | D:6      | Reached skill level 7 in Spellcasting
  4386 | D:6      | Found a staircase to the Ecumenical Temple.
  4396 | Temple   | Entered the Ecumenical Temple
  4406 | Temple   | Became a worshipper of Ashenzari the Shackled
  4407 | Temple   | Found the cursed amulet of Vision {SInv *Curse}
  5122 | D:7      | Got the flail "Xommoc" {freeze, MP+9 Str+2}
  5125 | D:7      | Noticed a troll
  5141 | D:7      | Killed a troll
  5477 | D:7      | Noticed a purple ugly thing
  5495 | D:7      | Killed a red ugly thing
  5496 | D:7      | Reached XP level 10. HP: 26/78 MP: 14/23
  5504 | D:7      | Reached skill level 8 in Spellcasting
  5524 | D:7      | Learned a level 4 spell: Throw Icicle
  5528 | D:7      | Learned a level 3 spell: Regeneration
  5629 | D:7      | Identified the +3 ring mail of an ossuary {rF+ Str+3 Dex-3}
  5728 | D:7      | Found a staircase to the Lair.
  5973 | D:8      | Noticed Psyche
  5989 | D:8      | Killed Psyche
  6401 | D:8      | Identified the +7 flail "Xommoc" {freeze, MP+9 Str+2} (You
                  | found it on level 7 of the Dungeon)
  6476 | D:8      | Reached skill level 5 in Armour
  6476 | D:8      | Reached skill level 9 in Spellcasting
  6805 | D:9      | Reached skill level 5 in Fighting
  6808 | D:9      | Reached XP level 11. HP: 83/86 MP: 26/26
  6851 | D:9      | Learned a level 4 spell: Yara's Violent Unravelling
  6857 | D:9      | Learned a level 5 spell: Summon Lightning Spire
  6960 | D:9      | Found a blossoming altar of Fedhas.
  7160 | D:9      | Reached * piety under Ashenzari
  7848 | D:10     | Entered Level 10 of the Dungeon
  7848 | D:10     | Found Erosid's General Store.
  8350 | D:10     | Found a staircase to the Orcish Mines.
  8477 | D:10     | Reached skill level 10 in Spellcasting
  8708 | D:10     | Reached skill level 5 in Dodging
  8827 | D:10     | Noticed a four-headed hydra
  8835 | D:10     | Killed a four-headed hydra
  9062 | D:11     | Noticed a cyclops
  9076 | D:11     | Killed a cyclops
  9111 | D:11     | Noticed a rakshasa
  9120 | D:11     | Killed a rakshasa
  9196 | D:11     | Noticed a centaur warrior
  9206 | D:11     | Killed a centaur warrior
  9207 | D:11     | Noticed a five-headed hydra
  9208 | D:11     | Killed a five-headed hydra
  9209 | D:11     | Reached XP level 12. HP: 62/95 MP: 28/28
  9455 | D:11     | Noticed a centaur warrior
  9461 | D:11     | Killed a centaur warrior
  9526 | D:11     | Learned a level 5 spell: Venom Bolt
  9623 | D:11     | Reached skill level 11 in Spellcasting
  9632 | D:11     | Reached skill level 5 in Maces & Flails
 10010 | D:11     | Noticed a centaur warrior
 10019 | D:11     | Killed a centaur warrior
 10116 | D:11     | Noticed a catoblepas
 10127 | D:11     | Killed a catoblepas
 10201 | D:11     | Noticed a centaur warrior
 10210 | D:11     | Killed a centaur warrior
 10336 | D:11     | Noticed an ogre mage
 10336 | D:11     | Noticed a two-headed ogre
 10336 | D:11     | Noticed a two-headed ogre
 10336 | D:11     | Noticed a two-headed ogre
 10340 | D:11     | Killed a two-headed ogre
 10341 | D:11     | Killed a two-headed ogre
 10341 | D:11     | Killed an ogre mage
 10342 | D:11     | Reached XP level 13. HP: 85/102 MP: 30/30
 10343 | D:11     | Reached skill level 12 in Spellcasting
 11186 | Lair:1   | Entered Level 1 of the Lair of Beasts
 11254 | Lair:1   | Found a gate leading to a gauntlet.
 11267 | Gauntlet | Entered a Gauntlet
 11267 | Gauntlet | Found a transporter.
 11267 | Gauntlet | Found a transporter.
 11305 | Gauntlet | Found a transporter.
 11309 | Gauntlet | Found a transporter.
 11319 | Gauntlet | Found a transporter.
 11323 | Gauntlet | Found a transporter.
 11332 | Gauntlet | Noticed a balrug
 11333 | Gauntlet | Found a transporter.
 11354 | Gauntlet | Found a transporter.
 11356 | Gauntlet | Identified the ring "Reduv" {+Fly Dex+3}
 11371 | Gauntlet | Found a transporter.
 11375 | Gauntlet | Found a transporter.
 11376 | Gauntlet | Identified the amulet "Haisiyck" {Acrobat rPois rC- MR+++}
 11385 | Gauntlet | Found a transporter.
 11389 | Gauntlet | Found a transporter.
 11767 | Gauntlet | Noticed a minotaur
 11768 | Gauntlet | Found the +0 mask of the Dragon {MR+ Slay+3 SInv}
 11772 | Gauntlet | Killed a minotaur
 11850 | Lair:1   | Found a dark tunnel.
 11861 | Volcano  | Entered a volcano
 11925 | Volcano  | Reached ** piety under Ashenzari
 12103 | Volcano  | Found a bloodstained altar of Trog.
 12108 | Volcano  | Reached skill level 1 in Evocations
 12119 | Volcano  | HP: 4/103 [steam dragon (8)]
 12210 | Volcano  | Noticed a fire dragon
 12218 | Volcano  | Killed a fire dragon
 12854 | Lair:2   | Found a staircase to the Swamp.
 13033 | Lair:2   | Reached skill level 13 in Spellcasting
 13055 | Lair:2   | Found the cursed +14 obsidian axe {chop, +Fly SInv *Curse}
 13350 | Lair:2   | Found a shattered altar of Ashenzari.
 13884 | Lair:3   | Reached *** piety under Ashenzari
 13975 | Lair:3   | Reached XP level 14. HP: 103/111 MP: 33/33
 13977 | Lair:3   | Reached skill level 1 in Shields
 14174 | Lair:3   | Got the short sword of the Unspeakable One {drain, +Blink
                  | +Inv rC- Dex+8}
 14523 | Lair:3   | Noticed Kirke
 14529 | Lair:3   | Killed Kirke
 15125 | Lair:4   | Found a staircase to the Shoals.
 15356 | Lair:4   | Reached **** piety under Ashenzari
 15647 | Lair:4   | Found a runed translucent gate.
 15647 | Lair:4   | Found a runed translucent gate.
 15647 | Lair:4   | Found a runed translucent gate.
 15648 | Lair:4   | Noticed Queen's ghost (journeyman DrTm)
 15894 | Lair:5   | Found a staircase to the Elven Halls.
 16688 | Lair:6   | Entered Level 6 of the Lair of Beasts
 16763 | Lair:6   | Reached skill level 14 in Spellcasting
 16893 | Lair:6   | Reached XP level 15. HP: 116/118 MP: 35/35
 16970 | Lair:6   | Noticed Urug
 16979 | Lair:6   | Killed Urug
 17174 | Lair:6   | Reached ***** piety under Ashenzari
 17724 | D:8      | Learned a level 6 spell: Statue Form
 17777 | Orc      | Entered the Orcish Mines
 17993 | Orc      | Noticed Donald
 18007 | Orc      | Killed Donald
 18097 | Orc      | Found a viscous altar of Jiyva.
 18098 | Orc      | Found a staircase to the Slime Pits.
 18166 | Orc      | Noticed Erolcha
 18172 | Orc      | Killed Erolcha
 18320 | Orc      | Found Nuese's Magic Scroll Shoppe.
 18334 | Orc      | Bought a scroll of identify for 24 gold pieces
 18334 | Orc      | Bought a scroll of identify for 24 gold pieces
 18334 | Orc      | Bought a scroll of blinking for 90 gold pieces
 18334 | Orc      | Bought a scroll of fear for 60 gold pieces
 18381 | Orc      | Found Sehalima's Gadget Emporium.
 18402 | Orc      | Found a radiant altar of Vehumet.
 18438 | Orc      | Found Ephiw's Antique Weapon Emporium.
 18479 | Orc      | Noticed Nergalle
 18486 | Orc      | Killed Nergalle
 18516 | Orc      | Found an ancient bone altar of Kikubaaqudgha.
 18852 | Orc      | Found a roughly hewn altar of Beogh.
 18853 | Orc      | Found Luludd's Antique Armour Shoppe.
 18867 | Orc      | Bought a pair of buzzing boots for 332 gold pieces
 18880 | Orc      | Identified the +1 pair of boots of the Tundras {rElec rCorr
                  | Int+3 Stlth-} (You bought it in a shop in the Orcish Mines)
 19089 | D:12     | Entered Level 12 of the Dungeon
 19122 | D:12     | Found Uhoynwox's Weapon Shoppe.
 19267 | D:12     | Found a portal to a secret trove of treasure.
 19313 | D:12     | Found a gate to the Vaults.
 19531 | D:12     | Found a staircase to the Depths.
 19643 | D:12     | Reached skill level 15 in Spellcasting
 19694 | D:12     | Reached XP level 16. HP: 126/126 MP: 5/37
 20249 | Swamp:1  | Entered Level 1 of the Swamp
 20249 | Swamp:1  | Found a white marble altar of Elyvilon.
 20297 | Swamp:1  | Reached skill level 1 in Bows
 20410 | Swamp:1  | Learned a level 7 spell: Controlled Blink
 20471 | Swamp:1  | Reached skill level 5 in Bows
 21228 | Swamp:2  | Reached skill level 10 in Bows
 21600 | Swamp:3  | Entered Level 3 of the Swamp
 22236 | Swamp:3  | Identified the +4 short sword of the Unspeakable One
                  | {drain, +Blink +Inv rC- Dex+8} (You found it on level 3 of
                  | the Lair of Beasts)
 22275 | Swamp:3  | Reduced skill Bows to level 10
 22308 | Swamp:3  | Noticed a thorn hunter
 22336 | Swamp:3  | Reached skill level 16 in Spellcasting
 22577 | Swamp:3  | Got a decaying rune of Zot
 22733 | Swamp:3  | Killed a thorn hunter
 22734 | Swamp:3  | Reached XP level 17. HP: 133/133 MP: 39/39
 22988 | Lair:4   | Identified a +1 pair of boots of running
 23003 | Lair:4   | Killed Queen's ghost
 23070 | Lair:4   | Identified the cursed +2 flail of Salt {flame, rF- Int+7
                  | Dex+4, pickup} (You found it on level 4 of the Lair of
                  | Beasts)
 23094 | Shoals:1 | Entered Level 1 of the Shoals
 23370 | Vaults:1 | Entered Level 1 of the Vaults
 23390 | Vaults:1 | Reached skill level 10 in Maces & Flails
 23444 | Vaults:1 | Found a magical portal.
 23452 | WizLab   | Entered The Roulette of Golubria
 23452 | WizLab   | Found a transporter.
 23459 | WizLab   | Found a corrupted altar of Lugonu.
 23505 | WizLab   | Found a transporter.
 23515 | WizLab   | Found a transporter.
 23537 | WizLab   | Found a transporter.
 23555 | WizLab   | Found a transporter.
 23607 | WizLab   | Found a corrupted altar of Lugonu.
 23607 | WizLab   | Found a transporter.
 23670 | WizLab   | Found a transporter.
 23688 | WizLab   | Found a transporter.
 23719 | WizLab   | Found a transporter.
 23788 | WizLab   | Found a transporter.
 23788 | WizLab   | Found a transporter.
 23895 | WizLab   | Found a transporter.
 23936 | WizLab   | Found a corrupted altar of Lugonu.
 23937 | WizLab   | Found a transporter.
 24008 | WizLab   | Found a transporter.
 24008 | WizLab   | Found a transporter.
 24040 | WizLab   | Found a transporter.
 24206 | WizLab   | Found a transporter.
 24226 | WizLab   | Identified Golubria's Compendium of Translocation
 24317 | WizLab   | Found a transporter.
 24397 | WizLab   | Identified the +2 cloak of the Shore {*Slow Str+7 Dex+2}
                  | (You found it in a wizard's laboratory)
 24400 | WizLab   | Found a transporter.
 24460 | WizLab   | Found a transporter.
 24474 | WizLab   | Identified the +0 cloak of Kesum {-Cast +Blink rN+++
                  | Stlth-} (You found it in a wizard's laboratory)
 24527 | Vaults:1 | Found Ucho's Weapon Shoppe.
 24767 | Vaults:1 | Noticed Bai Suzhen
 24899 | Vaults:1 | Reached skill level 17 in Spellcasting
 25068 | Vaults:1 | Reached skill level 5 in Shields
 25207 | Vaults:1 | Reached XP level 18. HP: 98/141 MP: 29/41
 25248 | Vaults:1 | Learned a level 7 spell: Discord
 25905 | Vaults:1 | Killed Bai Suzhen
 25951 | Vaults:2 | Reached skill level 5 in Throwing
 26173 | Vaults:2 | Identified a scroll of acquirement
 26187 | Vaults:2 | Identified the cursed ring "Gedoo" {rC++ rN+ Dex+5 Slay-4}
                  | (You acquired it on level 2 of the Vaults)
 26405 | Vaults:2 | Reached skill level 18 in Spellcasting
 26951 | Vaults:2 | Found a staircase to the Crypt.
 26999 | Vaults:2 | Reached XP level 19. HP: 154/154 MP: 13/43
 27006 | Vaults:2 | Reached skill level 10 in Fighting
 27651 | Depths:1 | Entered Level 1 of the Depths
 27899 | Depths:1 | Found a gateway to Hell.
 29145 | Orc      | Bought a crude ring mail for 315 gold pieces
 29145 | Orc      | Identified the cursed +0 ring mail "Joapikip" {rElec rCorr}
                  | (You bought it in a shop in the Orcish Mines)
 29145 | Orc      | Bought a twisted robe for 199 gold pieces
 29145 | Orc      | Identified the cursed +1 robe of Hide-and-Seek {MP+9 Str+2
                  | Dex-3} (You bought it in a shop in the Orcish Mines)
 29361 | D:5      | Bought a twisted ring mail for 189 gold pieces
 29361 | D:5      | Identified the cursed +1 ring mail of Hafaff {*Slow rPois
                  | Int+5} (You bought it in a shop on level 5 of the Dungeon)
 29804 | Shoals:1 | Noticed Aizul
 29813 | Shoals:1 | Killed Aizul
 29863 | Shoals:1 | Noticed Frances
 29878 | Shoals:1 | Killed Frances
 29879 | Shoals:1 | Reached skill level 10 in Shields
 30456 | Shoals:1 | Identified the +1 animal skin "Woguun" {SInv}
 30605 | Shoals:2 | Found a runed translucent door.
 30611 | Shoals:2 | Reached XP level 20. HP: 174/174 MP: 30/44
 30654 | Shoals:2 | Learned a level 7 spell: Spellforged Servitor
 30670 | Shoals:2 | Noticed Rhok's ghost (adept VSRg)
 30854 | Shoals:2 | Found Kumiveid's Visitors' Centre.
 30865 | Shoals:2 | Found Kumiveid's Merfolk Weapons.
 30874 | Shoals:2 | Found Kumiveid's Merfolk Armours.
 30874 | Shoals:2 | Found a detected shop or portal.
 31382 | Shoals:2 | Reached ****** piety under Ashenzari
 31582 | Shoals:3 | Entered Level 3 of the Shoals
 31965 | Shoals:3 | Noticed Polyphemus
 31972 | Shoals:3 | Got a barnacled rune of Zot
 31999 | Shoals:3 | Killed Polyphemus
 32000 | Shoals:3 | Reached skill level 19 in Spellcasting
 32304 | Shoals:3 | Noticed Louise
 32330 | Shoals:3 | Killed Louise
 32915 | Elf:1    | Entered Level 1 of the Elven Halls
 33103 | Elf:1    | Found Guukh's Book Boutique.
 33821 | Elf:1    | Identified the +2 pair of boots of the Blizzard {rPois}
 34287 | Vaults:3 | Entered Level 3 of the Vaults
 34291 | Vaults:3 | Reached XP level 21. HP: 181/181 MP: 36/46
 34333 | Vaults:3 | Noticed a juggernaut
 34439 | Vaults:3 | Killed a juggernaut
 34440 | Vaults:3 | Reached skill level 15 in Shields
 34660 | Vaults:3 | Identified the ring "Enam" {Str+4 Dex+2}
 34709 | Vaults:3 | Identified the +4 acid dragon scales of Insatiable Hunger
                  | {rN+ rCorr Int+6 Stlth-}
 34785 | Vaults:3 | Identified the +12 demon trident "Huntirra" {elec, *Noise
                  | rPois rN+++ Int-3}
 34808 | Vaults:3 | Noticed a juggernaut
 34817 | Vaults:3 | Killed a juggernaut
 34818 | Vaults:3 | Reached skill level 1 in Axes
 34818 | Vaults:3 | Reached XP level 22. HP: 121/189 MP: 33/47
 34895 | Vaults:3 | Identified the +6 hand crossbow of Ecveucwe {velocity, +Fly
                  | MP+9 Stlth+}
 35052 | Vaults:3 | Identified the +7 hand axe of Disorder {holy, rC+ Str+3}
 35056 | Vaults:3 | Got a silver rune of Zot
 35368 | Vaults:3 | Identified the cursed +1 rapier "Pargh" {pierce, Dex+3}
 35384 | Vaults:3 | Reached skill level 5 in Axes
 35557 | Vaults:3 | Identified the cursed +2 hunting sling "Feset" {flame, rC+
                  | rN+ Int+7 Stlth-}
 36020 | Vaults:3 | Identified the +0 plate armour "Waenodd" {rF+ rCorr}
 36223 | Vaults:3 | Identified the Guide on Air and Contamination
 36232 | Vaults:3 | Identified the Papyrus of Warped Bewitchment
 36785 | Depths:2 | Reached skill level 10 in Dodging
 36789 | Depths:2 | Reached XP level 23. HP: 160/196 MP: 32/48
 37294 | Depths:2 | Noticed Mara
 37301 | Depths:2 | Noticed Lazarus1551's illusion
 37314 | Depths:2 | Noticed Lazarus1551's illusion
 37325 | Depths:2 | Killed Mara
 37326 | Depths:2 | Reached skill level 15 in Fighting
 37326 | Depths:2 | Reached skill level 10 in Axes
 37904 | Depths:2 | Reached skill level 1 in Polearms
 38721 | Depths:3 | Reached skill level 5 in Polearms
 39049 | Depths:3 | Found a one-way gate to the infinite horrors of the Abyss.
 39211 | Depths:3 | Found a shimmering altar of Xom.
 39324 | Depths:3 | Noticed Zenata
 39337 | Depths:3 | Killed Zenata
 39644 | Depths:3 | Reached XP level 24. HP: 206/206 MP: 25/48
 39653 | Depths:3 | Learned a level 7 spell: Haunt
 39737 | Depths:3 | Found a gateway to a ziggurat.
 39882 | Depths:3 | Found a one-way gate leading to the halls of Pandemonium.
 40146 | Depths:3 | Reached skill level 5 in Stealth
 40575 | Depths:4 | Noticed Boris
 40576 | Depths:4 | Noticed a juggernaut
 40581 | Depths:4 | Found a flickering gateway to a bazaar.
 40585 | Bazaar   | Entered a bazaar
 40588 | Bazaar   | Found Pyusann's Armour Shop.
 40596 | Bazaar   | Found Birecov's Weapon Shoppe.
 40611 | Bazaar   | Found Woeppaas's Assorted Antiques.
 40644 | Bazaar   | Found Echiuce's Book Emporium.
 40647 | Bazaar   | Found Utanios's Gadget Emporium.
 40690 | Bazaar   | Bought an encrusted plate armour for 840 gold pieces
 40690 | Bazaar   | Identified the +10 plate armour "Xourex" {rCorr Int+4
                  | Dex+4} (You bought it in a shop in a bazaar)
 40762 | Bazaar   | Bought a phantom mirror for 320 gold pieces
 40762 | Bazaar   | Bought a wand of clouds (5) for 288 gold pieces
 40762 | Bazaar   | Bought a wand of disintegration (16) for 169 gold pieces
 40799 | Depths:4 | Noticed Frederick
 40828 | Depths:4 | Killed a juggernaut
 40934 | Depths:4 | Reached skill level 10 in Armour
 41385 | Depths:4 | Killed Frederick
 41621 | Depths:4 | Found Apext's General Store.
 41934 | Depths:4 | Identified the cursed +1 ring mail of the Crypt {rC+++ MR-
                  | Str+5 Dex+2}
 42046 | Depths:4 | Identified the ring of Doett {rC+ Int+4 Dex-4 SInv Stlth+}
 42135 | Depths:4 | Noticed a golden dragon
 42144 | Depths:4 | Noticed a golden dragon
 42146 | Depths:4 | Killed a golden dragon
 42157 | Depths:4 | Killed a golden dragon
 42852 | Depths:4 | Identified the +1 scale mail "Ifocywk" {MR+ SInv}
 43302 | Depths:4 | Noticed a caustic shrike
 43309 | Depths:4 | Noticed a Killer Klown
 43311 | Depths:4 | Killed a caustic shrike
 43315 | Depths:4 | Reached XP level 25. HP: 204/213 MP: 33/48
 43401 | Depths:4 | Killed a Killer Klown
 43856 | D:10     | Bought a wand of digging (12) for 390 gold pieces
 44104 | Depths:5 | Entered Level 5 of the Depths
 44547 | Elf:2    | Identified the +2 pair of gloves of Amorality {-Tele rPois
                  | rC+}
 44614 | Elf:2    | Found a runed gate.
 44614 | Elf:2    | Found a runed gate.
 44614 | Elf:2    | Found a runed gate.
 44682 | Elf:2    | Found a frozen archway.
 44689 | IceCv    | Entered an ice cave
 44695 | IceCv    | Learned a level 4 spell: Ice Form
 44899 | IceCv    | Reduced skill Bows to level 5
 45393 | IceCv    | Identified the +2 pair of gloves of the Farrier {rElec}
 45848 | Elf:2    | Reduced skill Bows to level 1
 46214 | Elf:2    | Reached skill level 10 in Polearms
 46575 | Elf:2    | Noticed Jorgrun
 46583 | Elf:2    | Killed Jorgrun
 46740 | Elf:3    | Entered Level 3 of the Elven Halls
 47666 | Elf:3    | Identified the +6 short sword of Effo Lyc {drain, +Blink
                  | Dex+2 SInv}
 47666 | Elf:3    | Identified the +7 halberd of the Curious Tables {antimagic,
                  | *Drain rF+++ Dex-2 Stlth+}
 47666 | Elf:3    | Identified the amulet "Wichud" {Inacc rC+}
 48037 | Elf:3    | Found Xikyn's Antique Armour Boutique.
 48095 | Elf:3    | Reached skill level 20 in Spellcasting
 48262 | Elf:3    | Identified the +1 swamp dragon scales "Qitaf" {rElec rPois
                  | rC+ SInv}
 48410 | Elf:3    | Reached XP level 26. HP: 222/222 MP: 7/49
 48433 | Elf:3    | Learned a level 8 spell: Chain Lightning
 48443 | Elf:3    | Learned a level 8 spell: Tornado
 48549 | Elf:3    | Identified Sif Muna's Compendium of Slavery
 48632 | Elf:3    | Identified the cursed +2 shortbow of the Enemy {venom,
                  | Fragile Str+9 Dex-4 Stlth+}
 49061 | Elf:3    | Bought a masterwork plate armour for 868 gold pieces
 49061 | Elf:3    | Identified the +9 plate armour of Daffodils {rF+ rN+} (You
                  | bought it in a shop on level 3 of the Elven Halls)
 49533 | Depths:5 | Found Juzueg's Magic Scroll Shoppe.
 49650 | Depths:5 | Noticed a golden dragon
 49652 | Depths:5 | Noticed a golden dragon
 49660 | Depths:5 | Noticed a golden dragon
 49666 | Depths:5 | Killed a golden dragon
 49672 | Depths:5 | Killed a golden dragon
 49694 | Depths:5 | Killed a golden dragon
 49815 | Depths:5 | Killed Boris
 49816 | Depths:5 | Reached skill level 21 in Spellcasting
 50005 | Depths:5 | Found a runed door.
 50005 | Depths:5 | Found a runed door.
 50054 | Depths:5 | Found a runed door.
 50130 | Depths:5 | Found a runed door.
 50285 | Depths:5 | Found a gate to the Realm of Zot.
 50508 | Depths:5 | Found a runed door.
 50587 | Depths:5 | Found a runed door.
 50655 | Depths:5 | Identified the +3 hand crossbow "Jonocyud" {velocity,
                  | Stlth+}
 51026 | Depths:5 | Found Wisaco Neaf's Jewellery Emporium.
 51026 | Depths:5 | Found Cesothoc's Gadget Shop.
 51027 | Depths:5 | Found Iweoron Laps's Jewellery Emporium.
 51167 | Zig:1    | Entered Level 1 of a ziggurat
 51189 | Zig:2    | Entered Level 2 of a ziggurat
 51220 | Zig:3    | Entered Level 3 of a ziggurat
 51245 | Zig:4    | Entered Level 4 of a ziggurat
 51281 | Zig:5    | Entered Level 5 of a ziggurat
 51283 | Zig:5    | Identified the +2 flail "Abommis" {flame, rF+++ MR- Str-5
                  | Dex+8}
 51318 | Zig:6    | Entered Level 6 of a ziggurat
 51349 | Zig:6    | Identified the Collected Works on Poisonous Hexes
 51373 | Zig:7    | Entered Level 7 of a ziggurat
 51416 | Zig:8    | Entered Level 8 of a ziggurat
 51423 | Zig:8    | Identified the cursed +1 plate armour of Qazlal's
                  | Castigation {rC+ SInv}
 51424 | Zig:8    | Found the +10 morningstar "Eos" {elec, Halo rElec}
 51426 | Zig:8    | Reached XP level 27. HP: 233/233 MP: 35/50
 51457 | Zig:9    | Entered Level 9 of a ziggurat
 51468 | Zig:9    | Reached skill level 22 in Spellcasting
 51542 | Zig:9    | Identified the Handbook of the Bard
 51561 | Zig:10   | Entered Level 10 of a ziggurat
 51583 | Zig:10   | Identified the +8 broad axe "Ducuan" {chop, rN+ MR+ Str+3
                  | Dex-3}
 51584 | Zig:10   | Identified the cursed ring "Zowurgh" {+Blink rElec rN++
                  | Int-2 Stlth--}
 51642 | Zig:11   | Entered Level 11 of a ziggurat
 51675 | Zig:11   | Identified the +7 broad axe "ETAOIN SHRDLU" {chop, rC+
                  | MR++}
 51676 | Zig:11   | Identified the ring "Husyt" {rN+ Str+3}
 51676 | Zig:11   | Identified the +8 trident "Luyrit" {venom, rPois Int-2
                  | Dex+9 SInv}
 51693 | Zig:11   | Identified the Collected Works on Flamy Execration
 51718 | Zig:12   | Entered Level 12 of a ziggurat
 51739 | Zig:12   | Identified the +3 giant spiked club "Ricasulo" {flame, rN+}
 51743 | Zig:12   | Identified the +2 dagger of Jenuc {elec, Str+4 Dex+3
                  | Stlth+}
 51770 | Zig:12   | Identified the Reference Book on Confrontation and
                  | Weightlessness
 51795 | Zig:13   | Entered Level 13 of a ziggurat
 51829 | Zig:13   | Found the macabre finger necklace {rN+}
 51832 | Zig:13   | Identified the +10 mace "Tikhig" {crush, rN+ MR+ Int-2
                  | Dex+6}
 51834 | Zig:13   | Identified the cursed +3 battleaxe of the Candelabrum
                  | {drain, rPois}
 51835 | Zig:13   | Identified the ring of Rationality {rPois Dex+4}
 51885 | Zig:14   | Entered Level 14 of a ziggurat
 51908 | Zig:14   | Noticed Xakhledwi the pandemonium lord
 51909 | Zig:14   | Found the +7 sceptre of Torment {pain, torment}
 51909 | Zig:14   | Identified the +6 great mace "Vooggot" {vamp, *Noise rPois
                  | rN+}
 51910 | Zig:14   | Gained mutation: You occasionally shout uncontrollably at
                  | your foes. [a cacodemon]
 51917 | Zig:14   | Killed Xakhledwi the pandemonium lord
 52046 | Zig:14   | Identified the Tome of Clay
 52048 | Zig:14   | Identified the Incunabulum of Helpful Black Magic
 52103 | Zig:15   | Entered Level 15 of a ziggurat
 52202 | Zig:15   | Identified the cursed +0 robe "Gaadoabu" {*Slow rC+++ MR-
                  | Dex+5}
 52253 | Zig:16   | Entered Level 16 of a ziggurat
 52261 | Zig:16   | Noticed Ucwoho Estue the pandemonium lord
 52261 | Zig:16   | Noticed Wecoreih the pandemonium lord
 52261 | Zig:16   | Noticed Heik Gogame the pandemonium lord
 52261 | Zig:16   | Noticed a Killer Klown
 52262 | Zig:16   | Noticed a Killer Klown
 52262 | Zig:16   | Noticed a Killer Klown
 52263 | Zig:16   | Noticed Jemen the pandemonium lord
 52264 | Zig:16   | Killed a Killer Klown
 52264 | Zig:16   | Killed a Killer Klown
 52264 | Zig:16   | Killed a Killer Klown
 52264 | Zig:16   | Killed a Killer Klown
 52265 | Zig:16   | Noticed Tefirad the pandemonium lord
 52266 | Zig:16   | Killed Ucwoho Estue the pandemonium lord
 52266 | Zig:16   | Noticed a Killer Klown
 52269 | Zig:16   | Killed a Killer Klown
 52269 | Zig:16   | Noticed Kuahubewk the pandemonium lord
 52274 | Zig:16   | Killed Wecoreih the pandemonium lord
 52274 | Zig:16   | Killed Heik Gogame the pandemonium lord
 52274 | Zig:16   | Killed Jemen the pandemonium lord
 52275 | Zig:16   | Reached skill level 23 in Spellcasting
 52284 | Zig:16   | Identified the ring of Xom's Best Wishes {Fire Int+3}
 52284 | Zig:16   | Identified the ring "Qaruroc" {*Slow rElec rPois Str+7
                  | Int+3}
 52284 | Zig:16   | Identified the +7 flail of Ehaazuczo {venom, rC+ Str-5
                  | Int+7 Dex+3}
 52284 | Zig:16   | Identified the +2 scale mail of Sijiud {*Slow rElec rF-
                  | rN+++}
 52284 | Zig:16   | Identified the ring "Zuipp" {Wiz rF++ MR+ Int+3 Dex-3}
 52309 | Zig:16   | Gained mutation: You are weak. (Str -2) [mutagenic glow]
 52322 | Zig:16   | Killed Tefirad the pandemonium lord
 52334 | Zig:16   | Killed Kuahubewk the pandemonium lord
 52484 | Zig:16   | Reached skill level 10 in Throwing
 52499 | Zig:17   | Entered Level 17 of a ziggurat
 52503 | Zig:17   | Gained mutation: You are dopey. (Int -2) [a cacodemon]
 52508 | Zig:17   | Reached skill level 15 in Dodging
 52679 | Zig:17   | Lost mutation: You are weak. (Str -2) [potion of mutation]
 52679 | Zig:17   | Lost mutation: You occasionally shout uncontrollably at
                  | your foes. [potion of mutation]
 52679 | Zig:17   | Lost mutation: You are dopey. (Int -2) [potion of mutation]
 52679 | Zig:17   | Gained mutation: You are resistant to hostile enchantments.
                  | (MR+) [potion of mutation]
 52679 | Zig:17   | Gained mutation: Your spells are a little easier to cast,
                  | but a little less powerful. [potion of mutation]
 52679 | Zig:17   | Lost mutation: Your spells are a little easier to cast, but
                  | a little less powerful. [potion of mutation]
 52690 | Zig:17   | Identified the cursed +3 fustibalus "Pouniete" {flame, rF+
                  | rN++ MR- Stlth+}
 52691 | Zig:17   | Identified the +10 hunting sling "Qufij" {elec, rF++ Int+5}
 52691 | Zig:17   | Identified the +1 robe of the True Pharaoh {Regen+ Int+6
                  | Dex-5}
 52692 | Zig:17   | Identified the +9 flail of Defiance {freeze, rPois rF+ MR+}
 52693 | Zig:17   | Found the cursed necklace of Bloodlust {Rage *Rage MR++
                  | Int-3 Slay+6 *Curse}
 52707 | Zig:17   | Reached skill level 15 in Armour
 52767 | Zig:18   | Entered Level 18 of a ziggurat
 52887 | Zig:18   | Identified the +12 rapier of the Madman {venom, rElec rC+++
                  | Int-5 Dex+2}
 52889 | Zig:18   | Identified the +2 double sword "Impslayer" {venom, MR++
                  | Dex-4 SInv}
 52890 | Zig:18   | Identified the +3 robe of the Nexus {rF+ Dex+3 Archmagi}
 53009 | Zig:19   | Entered Level 19 of a ziggurat
 53024 | Zig:19   | Noticed an ancient lich
 53033 | Zig:19   | Killed an ancient lich
 53056 | Zig:19   | Identified the +4 chain mail of Elyvilon's Hatred {*Drain
                  | +Inv rPois Str+5}
 53056 | Zig:19   | Found the amulet of the Four Winds {rN+ MR+++ Clar}
 53058 | Zig:20   | Entered Level 20 of a ziggurat
 53137 | Zig:20   | Identified the +3 scale mail of Inaction {+Inv rF+ rC+
                  | Dex-4}
 53137 | Zig:20   | Identified the cursed +1 chain mail of Beepre {*Contam
                  | rElec rPois Str+6}
 53505 | Crypt:1  | Entered Level 1 of the Crypt
 53680 | Crypt:1  | Identified the cursed ring of Zyrukem {Fire rElec Int-3
                  | Stlth+} (You acquired it on level 1 of the Crypt)
 54225 | Crypt:2  | Entered Level 2 of the Crypt
 54257 | Crypt:2  | Noticed Mennas
 54269 | Crypt:2  | Killed Mennas
 54702 | Crypt:2  | Identified the +9 quarterstaff "Tohal" {venom, rElec rN+
                  | Dex-5}
 54702 | Crypt:2  | Identified the ring "Zyczis" {rF+ rN+ Dex+5}
 54902 | Crypt:2  | Noticed an ancient lich
 54911 | Crypt:2  | Killed an ancient lich
 54957 | Crypt:2  | Found an ancient bone altar of Kikubaaqudgha.
 55027 | Crypt:2  | Identified the ring of Yggeffia {rN+ Str+7}
 55027 | Crypt:2  | Identified the ring "Laadgheo" {rPois rN+ Str+5 Slay-6}
 55370 | Crypt:2  | Identified the Incunabulum of Black Rituals
 55682 | Crypt:2  | Found a staircase to the Tomb.
 55778 | Tomb:1   | Entered Level 1 of the Tomb of the Ancients
 56240 | Tomb:1   | Noticed a greater mummy
 56685 | Depths:4 | Noticed an ancient lich
 56688 | Depths:4 | Reached skill level 15 in Polearms
 56689 | Depths:4 | Noticed a Killer Klown
 56693 | Depths:4 | Killed an ancient lich
 56695 | Depths:4 | Killed a Killer Klown
 56834 | Depths:5 | Bought a scroll of acquirement for 1300 gold pieces
 56839 | Depths:5 | Identified the cursed amulet "Emaobruh" {Rage +Inv Int+4}
                  | (You acquired it on level 5 of the Depths)
 57249 | Tomb:1   | Noticed a greater mummy
 57266 | Tomb:1   | Gained mutation: You occasionally shout uncontrollably at
                  | your foes. [a cacodemon]
 57276 | Tomb:1   | Killed a greater mummy
 57277 | Tomb:1   | Reduced skill Axes to level 5
 57355 | Tomb:1   | Killed a greater mummy
 57584 | Tomb:1   | Noticed a greater mummy
 57594 | Tomb:1   | Killed a greater mummy
 57938 | Tomb:2   | Noticed a greater mummy
 57938 | Tomb:2   | Noticed a greater mummy
 57938 | Tomb:2   | Noticed a greater mummy
 57938 | Tomb:2   | Noticed a greater mummy
 57945 | Tomb:2   | Killed a greater mummy
 57952 | Tomb:2   | Killed a greater mummy
 57954 | Tomb:2   | Killed a greater mummy
 57961 | Tomb:2   | Killed a greater mummy
 58391 | Tomb:1   | Noticed a greater mummy
 58395 | Tomb:1   | Noticed a greater mummy
 58402 | Tomb:1   | Killed a greater mummy
 58411 | Tomb:1   | Killed a greater mummy
 58431 | Tomb:1   | Noticed a greater mummy
 58439 | Tomb:1   | Killed a greater mummy
 58454 | Tomb:1   | Noticed a greater mummy
 58474 | Tomb:1   | Killed a greater mummy
 58629 | Tomb:1   | Noticed a greater mummy
 58629 | Tomb:1   | Noticed a greater mummy
 58648 | Tomb:1   | Killed a greater mummy
 58663 | Tomb:1   | Killed a greater mummy
 58849 | Tomb:1   | Noticed a greater mummy
 58863 | Tomb:1   | Killed a greater mummy
 58905 | Tomb:1   | Noticed a greater mummy
 58912 | Tomb:1   | Noticed a greater mummy
 58915 | Tomb:1   | Killed a greater mummy
 58917 | Tomb:1   | Noticed a greater mummy
 58932 | Tomb:1   | Killed a greater mummy
 58940 | Tomb:1   | Killed a greater mummy
 59017 | Tomb:1   | Noticed a greater mummy
 59030 | Tomb:1   | Killed a greater mummy
 59047 | Tomb:1   | Noticed a greater mummy
 59054 | Tomb:1   | Noticed a greater mummy
 59058 | Tomb:1   | Killed a greater mummy
 59066 | Tomb:1   | Killed a greater mummy
 59068 | Tomb:1   | Noticed a greater mummy
 59073 | Tomb:1   | Noticed a greater mummy
 59083 | Tomb:1   | Killed a greater mummy
 59087 | Tomb:1   | Gained mutation: You tend to lose your temper in combat. [a
                  | cacodemon]
 59093 | Tomb:1   | Killed a greater mummy
 59441 | Tomb:3   | Entered Level 3 of the Tomb of the Ancients
 59450 | Tomb:3   | Noticed a greater mummy
 59455 | Tomb:3   | Noticed a greater mummy
 59458 | Tomb:3   | Noticed a greater mummy
 59458 | Tomb:3   | Noticed a greater mummy
 59461 | Tomb:3   | Noticed a greater mummy
 59479 | Tomb:3   | Gained mutation: You often lose your temper in combat.
                  | [mutagenic glow]
 59480 | Tomb:3   | Identified the +10 dagger of the Vase {flame, *Noise rElec
                  | MR+++ Stlth+}
 59480 | Tomb:3   | Identified the amulet of Kaimeirr {Gourm rPois rC- Int+6
                  | Stlth+}
 59480 | Tomb:3   | Identified the +0 morningstar "Hihoeb" {holy, MR- Dex+8}
 59480 | Tomb:3   | Identified the ring "Tuimnyfi" {rElec rC+ MR+ Dex+2}
 59482 | Tomb:3   | Found the +7 Spriggan's Knife {stab, EV+4 Stlth+}
 59497 | Tomb:3   | Reached skill level 24 in Spellcasting
 59524 | Tomb:3   | Noticed a greater mummy
 59529 | Tomb:3   | Identified the ring of Goommum {*Tele rC++ MR-}
 59529 | Tomb:3   | Found the +7 great mace "Undeadhunter" {disrupt, rN+}
 59536 | Tomb:3   | Gained mutation: Scrolls take you a little longer to read.
                  | [mutagenic glow]
 59537 | Tomb:3   | HP: 12/314 [flying skull (8)]
 59540 | Tomb:3   | Slain by a flying skull

Skill      XL: |  1  2  3  4  5  6  7  8  9 10 11 12 13 14 15 16 17 18 19 20 21 22 23 24 25 26 27 |
---------------+----------------------------------------------------------------------------------+-----
Spellcasting   | 3 4 5 6 7 9 10 11 13 14 15 16 17 18 19 20 21 24 | 24.0
Dodging        | 2 3 4 5 6 7 8 9 10 11 21 | 21.0
Throwing       | 1 2 3 4 5 6 14 | 14.0
Fighting       | 1 2 3 5 6 7 8 9 14 15 16 18 | 18.8
Armour         | 1 2 3 4 5 6 7 8 13 14 15 | 15.5
Short Blades   | 1 |  1.2
Maces & Flails | 3 4 5 6 8 9 10 11 | 11.3
Evocations     | 1 |  1.4
Shields        | 2 4 5 10 12 15 16 | 16.2
Stealth        | 2 3 4 5 7 |  7.4
Bows           | 8 6 1 |  1.2
Axes           | 1 7 10 7 3 |  3.8
Polearms       | 7 10 18 | 18.3
Conjurations   | | 24.0
Hexes          | | 24.0
Charms         | | 24.0
Summonings     | | 24.0
Necromancy     | | 24.0
Translocations | | 24.0
Transmutations | | 24.0
Fire Magic     | | 24.0
Ice Magic      | | 24.0
Air Magic      | | 24.0
Earth Magic    | | 24.0
Poison Magic   | | 24.0

Action                   |  1- 3 |  4- 6 |  7- 9 | 10-12 | 13-15 | 16-18 | 19-21 | 22-24 | 25-27 || total
-------------------------+-------+-------+-------+-------+-------+-------+-------+-------+-------++-------
Melee: Unarmed           |    12 |    19 |       |       |       |       |       |       |       ||    31
       Headbutt          |     2 |     4 |    19 |    29 |    51 |    35 |    67 |   154 |   382 ||   743
       Bite              |     1 |     4 |    12 |     7 |    23 |    19 |    43 |    98 |   209 ||   416
       Flail             |       |     5 |   100 |   133 |   231 |   179 |   273 |       |       ||   921
       Short sword       |       |     3 |    19 |       |       |       |       |       |       ||    22
       Broad axe         |       |       |       |       |       |       |     8 |   173 |       ||   181
       Demon trident     |       |       |       |       |       |       |       |   311 |  1586 ||  1897
Throw: Stone             |    11 |     7 |     4 |    24 |    34 |     3 |       |       |       ||    83
       Tomahawk          |       |    11 |    11 |       |    18 |     7 |     3 |       |       ||    50
       Javelin           |       |       |       |       |       |    28 |    95 |    17 |   281 ||   421
 Cast: Freeze            |    62 |    61 |    81 |    31 |    14 |     3 |       |       |       ||   252
       Ozocubu's Armour  |       |     8 |    22 |    32 |    42 |    19 |     1 |       |       ||   124
       Summon Ice Beast  |       |       |    11 |    26 |    11 |     6 |       |     2 |       ||    56
       Throw Frost       |       |       |    45 |    43 |    37 |     1 |       |       |       ||   126
       Throw Icicle      |       |       |       |   145 |   398 |   390 |   392 |   288 |   206 ||  1819
       Summon Lightning  |       |       |       |    16 |    26 |    48 |    22 |     7 |    15 ||   134
       Venom Bolt        |       |       |       |     2 |    29 |    58 |    18 |    25 |    33 ||   165
       Regeneration      |       |       |       |       |     4 |    18 |     4 |     7 |    38 ||    71
       Controlled Blink  |       |       |       |       |       |     9 |    18 |    19 |    53 ||    99
       Statue Form       |       |       |       |       |       |     1 |     3 |     2 |     6 ||    12
       Discord           |       |       |       |       |       |     4 |    26 |    16 |     3 ||    49
       Spellforged Servi |       |       |       |       |       |       |     7 |       |       ||     7
       Yara's Violent Un |       |       |       |       |       |       |     1 |       |       ||     1
       Haunt             |       |       |       |       |       |       |       |     7 |    22 ||    29
       Ice Form          |       |       |       |       |       |       |       |       |     4 ||     4
       Chain Lightning   |       |       |       |       |       |       |       |       |   131 ||   131
       Tornado           |       |       |       |       |       |       |       |       |    15 ||    15
Invok: Curse Item        |       |       |       |       |     2 |     1 |       |     4 |     1 ||     8
       Transfer Knowledg |       |       |       |       |       |     1 |     1 |       |     3 ||     5
       Scrying           |       |       |       |       |       |       |       |     1 |       ||     1
 Abil: Evoke Flight      |       |       |       |       |     1 |       |       |       |       ||     1
       End Transformatio |       |       |       |       |       |       |     3 |     2 |     7 ||    12
Evoke: Wand              |       |       |       |       |     3 |     6 |     4 |     9 |     7 ||    29
       Phantom mirror    |       |       |       |       |       |       |       |     1 |       ||     1
  Use: Potion            |       |     1 |     1 |     2 |     3 |     3 |     7 |    12 |    21 ||    50
       Scroll            |       |     1 |     4 |     7 |    11 |     7 |     4 |    17 |    24 ||    75
 Stab: Sleeping          |       |       |     2 |       |       |       |     3 |     2 |     3 ||    10
       Distracted        |       |       |       |     1 |     9 |     2 |     8 |    14 |    20 ||    54
       Confused          |       |       |       |       |       |       |       |     8 |       ||     8
       Invisible         |       |       |       |       |       |       |       |       |     2 ||     2
  Eat: Chunk             |     2 |     7 |    17 |    31 |    39 |    29 |    39 |    25 |    39 ||   228
       Ration            |       |       |     1 |     1 |     2 |     3 |     2 |     8 |    23 ||    40
Armor: Animal skin       |     9 |     6 |       |       |       |       |       |       |       ||    15
       Leather armour    |       |    14 |    59 |       |       |       |       |       |       ||    73
       Ring mail         |       |       |    42 |   135 |   158 |    53 |       |       |       ||   388
       Skin              |       |       |       |       |       |   161 |   146 |   252 |   383 ||   942
       Plate armour      |       |       |       |       |       |       |       |       |    64 ||    64
Dodge: Dodged            |    38 |    64 |   134 |   183 |   282 |   398 |   448 |   599 |  1175 ||  3321
Block: Buckler           |       |       |       |       |   121 |   151 |   175 |       |       ||   447
       Large shield      |       |       |       |       |       |       |   175 |   885 |  2344 ||  3404
